 Dungeon Crawl Stone Soup version 0.28-a0-1389-gc726bef33b (webtiles) character file.

Game seed: 16779636620961724722

2905 bande the Chopper (level 9, 0/55 HPs)
             Began as a Gargoyle Fighter on Jan 4, 2022.
             Was a Follower of Okawaru.
             Slain by an orc knight (10 damage)
             ... in a bailey.
             The game lasted 00:18:07 (8638 turns).

bande the Chopper (Gargoyle Fighter)                Turns: 8638, Time: 00:18:07

Health: 0/55       AC: 21    Str: 21    XL:     9   Next: 78%
Magic:  0/10       EV:  6    Int:  8    God:    Okawaru [*.....]
Gold:   344        SH:  6    Dex: 19    Spells: 8/8 levels left

rFire   . . .      SeeInvis .   e - +6 broad axe (flame)
rCold   . . .      Faith    .   c - +0 buckler
rNeg    + . .      Spirit   +   k - +0 plate armour
rPois   ∞          Reflect  .   (no helmet)
rElec   +          Harm     .   u - +0 cloak
rCorr   .          Rampage  .   (no gloves)
Will    .....                   (no boots)
Stlth   ..........              g - amulet of guardian spirit
HPRegen 0.18/turn               i - +6 ring of dexterity
MPRegen 0.12/turn               (no ring)

@: no status effects
A: sickness immunity, AC +6, negative energy resistance 1, electricity
resistance, torment resistance 1, petrification resistance
a: Renounce Religion, Heroism


You were in a bailey.
You worshipped Okawaru.
Okawaru was aware of your devotion.
You visited 2 branches of the dungeon, and saw 8 of its levels.
You also visited: Sewer and Bailey.

You collected 344 gold pieces.

Inventory:

Hand Weapons
 a - a +0 war axe
 e - a +6 broad axe of flaming (weapon)
 v - a +1 morningstar of holy wrath
Armour
 c - a +0 buckler (worn)
 k - a +0 plate armour (worn)
 u - a +0 cloak (worn)
Jewellery
 g - an amulet of guardian spirit (around neck)
 i - a +6 ring of dexterity (left hand)
Wands
 m - a wand of iceblast (10)
 n - a wand of digging (5)
 q - a wand of flame (38)
Scrolls
 f - a scroll of amnesia
 l - a scroll of blinking
 o - 4 scrolls of teleportation
 t - a scroll of fog
Potions
 b - 2 potions of invisibility
 d - a potion of brilliance {unknown}
 h - a potion of resistance {unknown}
 r - a potion of heal wounds {unknown}
 s - 2 potions of flight
Miscellaneous
 j - a phantom mirror


   Skills:
 + Level 6.3 Fighting
 + Level 7.8 Axes
 + Level 7.2 Armour
 - Level 0.5 Dodging
 + Level 5.2 Shields
 * Level 2.4 Invocations
 * Level 4.3 Evocations


You had 8 spell levels left.
You didn't know any spells.
Your spell library contained the following spells:

 Spells                   Type           Power      Damage    Failure   Level
 Corpse Rot               Necr/Air       0%         N/A       100%        2
 Dispel Undead            Necr           0%         3d6       100%        4
 Death Channel            Necr           Unusable   N/A       N/A         6

Dungeon Overview and Level Annotations

Branches:
Dungeon (7/15)             Temple (1/1) D:5           Sewer (visited)
 Bailey (1/1)

Altars:
Ashenzari
Cheibriados
Dithmenos
Elyvilon
Gozag
Hepliaklqana
Kikubaaqudgha
Makhleb
Okawaru
Qazlal
Ru
Sif Muna
Uskayaw
Vehumet
Xom
Yredelemnul
The Shining One


Innate Abilities, Weirdness & Mutations

You are immune to sickness and miasma.
Your stone body is resilient. (AC +6)
You are immune to poison.
You resist negative energy. (rN+)
You are resistant to electric shocks. (rElec)
You are resistant to unholy torment.
You are immune to petrification.


Message History

An orc knight is nearby!
An orc knight is nearby!
You gain the combat prowess of a mighty hero.
The orc knight barely misses you.
You hit the orc knight. You burn the orc knight.
The orc knight is lightly wounded.
The orc knight hits you but does no damage.
You slash the orc knight! You burn the orc knight.
The orc knight is lightly wounded.
The orc knight hits you but does no damage.
You slash the orc knight! You burn the orc knight.
The orc knight is heavily wounded.
The orc knight hits you but does no damage.
You barely miss the orc knight.
The orc knight is heavily wounded.
The orc knight hits you but does no damage.
You hit the orc knight. You burn the orc knight.
The orc knight is heavily wounded.
The orc knight hits you with a +0 glaive.
You barely miss the orc knight.
The orc knight is heavily wounded.
The orc knight hits you with a +0 glaive.
You hit the orc knight. You burn the orc knight.
The orc knight is heavily wounded.
You block the orc knight's attack.
You slash the orc knight! You burn the orc knight.
The orc knight is severely wounded.
You block the orc knight's attack.
You barely miss the orc knight.
The orc knight is severely wounded.
You feel like a meek peon again.
The orc knight hits you with a +0 glaive.
You closely miss the orc knight.
The orc knight is severely wounded.
The orc knight hits you with a +0 glaive!
* * * LOW HITPOINT WARNING * * *
You hit the orc knight. You burn the orc knight.
The orc knight is severely wounded.
The orc knight hits you with a +0 glaive!
You die...

#### ########### #∩∩##
##...))....## ##..#
##..)≈≈)≈≈≈..## #.)##
##..≈≈.....≈≈..##
##))######..≈≈..###..≈≈..##
#......))..≈≈..## ##..≈≈...
#.≈≈≈≈≈≈≈≈≈≈..## ##..≈≈≈o
#.≈......o@..## ##.....
#.≈.########## ######
#.≈.##.$$ #.≈..##.$.
#.≈≈..##.## #∩.≈≈..#+#
##.≈≈..# #.≈≈..## ≈.. §§≈
#.≈..## §≈≈≈≈


You could see an orc knight.

Vanquished Creatures
  6 yaks
  A wyvern (D:5)
  3 orc warriors (Bailey)
  An ogre (D:7)
  A sky beast (D:7)
  2 necrophages (D:6)
  2 centaurs (D:5)
  A phantom (D:6)
  3 bullfrogs
  2 scorpions
  A water moccasin zombie (D:4)
  A water moccasin skeleton (D:4)
  3 howler monkeys
  An orc priest (D:6)
  A centaur skeleton (D:7)
  A bullfrog skeleton (D:5)
  2 iguanas
  2 orc wizards
  A killer bee zombie (D:7)
  A howler monkey zombie (D:3)
  8 adders
  A shadow imp (D:6)
  A white imp (D:4)
  An ufetubus (D:5)
  A worm (D:2)
  2 dart slugs (D:2)
  33 orcs
  15 ball pythons
  2 bats
  5 endoplasms
  10 giant cockroaches
  9 goblins
  6 hobgoblins
  10 jackals
  3 kobolds
  5 quokkas
  16 frilled lizards
  5 rats
169 creatures vanquished.

Notes
Turn   | Place    | Note
-------+----------+-------------------------------------------
     0 | D:1      | bande the Gargoyle Fighter began the quest for the Orb.
     0 | D:1      | Reached XP level 1. HP: 14/14 MP: 1/1
   504 | D:1      | Reached XP level 2. HP: 14/19 MP: 2/2
  1390 | D:2      | Reached XP level 3. HP: 23/23 MP: 3/3
  1461 | D:2      | Identified a scroll of acquirement
  1461 | D:2      | Acquired a +5 broad axe of flaming
  1475 | D:2      | Found a glowing golden altar of the Shining One.
  1760 | D:2      | Found a faded altar of an unknown god.
  1808 | D:2      | Reached XP level 4. HP: 28/28 MP: 4/4
  2087 | D:3      | Found a glowing drain.
  2102 | Sewer    | Entered a sewer
  2147 | Sewer    | Reached XP level 5. HP: 24/32 MP: 5/5
  2433 | Sewer    | Reached XP level 6. HP: 12/38 MP: 2/6
  3054 | D:3      | Found a burning altar of Makhleb.
  3388 | D:3      | Found a basalt altar of Yredelemnul.
  3498 | D:4      | Reached XP level 7. HP: 37/44 MP: 7/7
  3558 | D:4      | Reached skill level 1 in Evocations
  3596 | D:4      | Noticed a yak
  3596 | D:4      | Noticed a yak
  3596 | D:4      | Noticed a yak
  3597 | D:4      | Noticed a yak
  3597 | D:4      | Noticed a yak
  3598 | D:4      | Noticed a yak
  3616 | D:3      | Killed a yak
  3617 | D:3      | Reached skill level 5 in Axes
  3617 | D:3      | Reached skill level 5 in Armour
  4060 | D:3      | Killed a yak
  4161 | D:2      | Killed a yak
  4162 | D:2      | Reached skill level 5 in Fighting
  4162 | D:2      | Reached XP level 8. HP: 11/49 MP: 4/8
  4554 | D:3      | Killed a yak
  4953 | D:4      | Found a radiant altar of Vehumet.
  5567 | D:5      | Entered Level 5 of the Dungeon
  5567 | D:5      | Found Viud Xex's Armour Shoppe.
  5578 | D:5      | Killed a yak
  5680 | D:5      | Killed a yak
  5924 | D:4      | Found a hazy altar of Hepliaklqana.
  6039 | D:5      | Noticed a wyvern
  6060 | D:5      | Killed a wyvern
  6061 | D:5      | Reached XP level 9. HP: 7/55 MP: 1/9
  6775 | D:5      | Found a staircase to the Ecumenical Temple.
  6788 | Temple   | Entered the Ecumenical Temple
  6845 | Temple   | Became a worshipper of Warmaster Okawaru
  7135 | D:6      | Reached skill level 1 in Invocations
  7300 | D:6      | Reached skill level 5 in Shields
  7700 | D:7      | Reached * piety under Okawaru
  7749 | D:7      | Found a flagged portal.
  7784 | Bailey   | Entered a bailey
  8473 | Bailey   | Identified the +5 plate armour of Muwn {rCorr Stlth+}
  8487 | Bailey   | Noticed an orc knight
  8638 | Bailey   | Slain by an orc knight

Illustrated notes

Levels and vault maps discovered:
D:1:      minmay_arrival_open_corners, layout_loops_corners,
          hangedman_decor_points
D:2:      layout_rooms, basic_altar, hellmonk_ecumenical_altar_heavens_door,
          minivault_5, grunt_decor_cap, minmay_lizard_pond
D:3:      layout_basic, mainiacjoe_overflow_small_starburst,
          nicolae_overflow_crystal_walls, cheibrodos_sewer_entry_sluice
D:4:      layout_loops_ring, marbit_many_paths, mainiacjoe_overflow_chevrons,
          kennysheep_generic_room_5
D:5:      layout_loops_ring, minmay_temple_entry_crystal_x,
          nicolae_stop_n_shop_1
D:6:      layout_loops_cross
D:7:      layout_basic, nemelex_altar_shiori, pdpol_wu_jian_five_deadly_venoms,
          enter_bailey_5, minmay_misc_feat_tower, uniq_menkaure
Temple:   cyrus_circular_temple
Bailey:   bailey_polearm_1, bailey

Skill      XL: |  1  2  3  4  5  6  7  8  9 |
---------------+----------------------------+-----
Axes           | 2 3 4 5 6 7 |  7.8
Armour         | 4 5 6 7 |  7.2
Fighting       | 4 5 6 |  6.3
Shields        | 4 5 |  5.2
Evocations     | 2 3 4 |  4.3
Invocations    | 2 |  2.4
Dodging        | |  0.5

Action                   |  1- 3 |  4- 6 |  7- 9 || total
-------------------------+-------+-------+-------++-------
Melee: War axe           |    72 |       |       ||    72
       Broad axe         |    17 |    99 |   238 ||   354
Invok: Heroism           |       |       |     1 ||     1
  Use: Scroll            |     3 |     2 |     5 ||    10
       Potion            |       |       |     8 ||     8
Armor: Scale mail        |    66 |       |       ||    66
       Plate armour      |       |    90 |   184 ||   274
Dodge: Dodged            |    66 |    29 |    67 ||   162
Block: Buckler           |    12 |    31 |    87 ||   130

Table legend: (Time is in decaauts)
 A = Elapsed time spent in this place.
 B = Non-inter-level travel time spent in this place.
 C = Inter-level travel time spent in this place.
 D = Time resting spent in this place.
 E = Time spent auto-exploring this place.
 F = Levels seen in this place.
 G = Mean time per level.
                   A        B        C        D        E       F      G
               +--------+--------+--------+--------+--------+-----+--------+
         Total |   8888 |   8843 |     45 |   2904 |   3696 |  10 |  888.8 |
       Dungeon |   7048 |   7003 |     45 |   2171 |   3331 |   7 | 1006.9 |
        Temple |     80 |     80 |      0 |      0 |      0 |   1 |   80.0 |
         Sewer |    885 |    885 |      0 |    231 |    315 |   1 |  885.0 |
        Bailey |    872 |    872 |      0 |    502 |     49 |   1 |  872.0 |
               +--------+--------+--------+--------+--------+-----+--------+

Top non-repeatable levels by time:
     D:3: 1607 daAuts
     D:1: 1406 daAuts
     D:5: 1084 daAuts
     D:2: 1069 daAuts
     D:4: 1057 daAuts
   Sewer: 885 daAuts
  Bailey: 872 daAuts
     D:6: 727 daAuts
     D:7: 97 daAuts
  Temple: 80 daAuts
